cohdb
Replays
Latest Replays
All Replays
Popular Replays
Top Player Replays
Match Explorer
How It Works
Community
CoH3 Stats
Reddit
Sign in to upload your games and track your stats! →
Sign in with Steam
Match 37905850
Unlisted
Match 37905850
Overview
Messages
Build Orders
End
Construct Infanterie Kompanie
MG 42 Machine Gun Team
Selects Mechanized Battlegroup
Grenadier Squad
Grenadier Squad
Construct Panzergrenadier Kompanie
251 Medium Carrier
Panzergrenadier Squad
Construct Panzer Kompanie
Stoßtruppen Squad
Selects Raid Package
Selects 8 Rad Armored Car
Selects UNKNOWN (2160084)
Panther Heavy Tank
Selects Mobile Repair Stations
Panther Heavy Tank
Pioneer Squad
塔露rua
天凉好个秋
Butters
Voodoo408
COCO
Arty_Q
UseLessHam
[\|/] donhome [UA]
0
0
Comments
sign in to comment!
No comments posted yet!